Cogmind - Beta 14 @@@ ROGUE MODE // 2024.11.01 @ 02:07:58 Player: Kole Result: Destroyed by G-34 Mercenary with Small Laser Performance ------------- Evolutions (0) 0 Regions Visited (1) 200 Robots Destroyed (9) 45 Value Destroyed (188) 188 Prototype IDs (0) 0 Alien Tech Used (0) 0 Bonus (0) 0 TOTAL SCORE: 433 Bonus ------- None Cogmind --------- Core Integrity 0/250 Matter 92/300 Energy 500/500 System Corruption 0% Temperature Cool (6) Movement Rolling (100) Location -10/Materials Parts ------- > --- POWER (1) -------- Ion Engine > --- PROPULSION (2) --- Compact Wheel > --- UTILITY (2) ------ High-capacity Battery Sensor Array > --- WEAPON (2) ------- Small Laser > --- INVENTORY (5) ---- Aluminum Leg Aluminum Leg Assault Rifle Grenade Launcher Datajack Peak State ------------ > --- POWER ------------ Light Ion Engine > --- PROPULSION ------- Wheel Compact Wheel > --- UTILITY ---------- Small Storage Unit Sensor Array > --- WEAPON ----------- Small Laser Small Laser > --- INVENTORY -------- Aluminum Leg Aluminum Leg EM Pulse Gun Assault Rifle Grenade Launcher [Rating: 7] Favorites ----------- Power Light Ion Engine Engine Light Ion Engine Propulsion Wheel Wheel Wheel Utility Sensor Array Device Sensor Array Storage High-capacity Battery Weapon Small Laser Energy Gun Small Laser Ballistic Gun Assault Rifle Launcher Grenade Launcher Special Melee Weapon Datajack Build | -11 -10 ------- Run | Yrd Mat Slots Evolved . | . . Power . | . . Propulsion . | . . Utility . | . . Weapon . | . . Parts Attached 18 | 5 13 Power 3 | 1 2 Engine 3 | 1 2 Core . | . . Reactor . | . . Propulsion 3 | 2 1 Treads . | . . Leg . | . . Wheel 3 | 2 1 Hover . | . . Flight . | . . Utility 3 | . 3 Device 1 | . 1 Storage 2 | . 2 Processor . | . . Hackware . | . . Protection . | . . Artifact . | . . Weapon 9 | 2 7 Energy Gun 3 | 1 2 Energy Cannon . | . . Ballistic Gun 2 | 1 1 Ballistic Cannon . | . . Launcher 2 | . 2 Special Weapon . | . . Impact Weapon . | . . Slashing Weapon . | . . Piercing Weapon . | . . Special Melee Weapon 2 | . 2 Unidentified Prototypes . | . . Parts Lost 5 | . 5 Power 2 | . 2 Propulsion 2 | . 2 Utility . | . . Weapon 1 | . 1 Highest Loss Streak 2 | . 2 To Critical Strikes . | . . Average Slot Usage (%) 86 | . 86 Engine 12 | . 12 Wheel 26 | . 26 Device 9 | . 9 Storage 9 | . 9 Energy Gun 14 | . 14 Ballistic Gun 5 | . 5 Launcher 1 | . 1 Special Melee Weapon 5 | . 5 Peak Build Rating 7 | 5 7 Average Rating 5 | 4 6 On Entrance 2 | . 5 Naked Turns . | . . Heaviest Build 13 | 6 13 Greatest Support 26 | 20 26 Greatest Overweight (x) . | . . Average Overweight (x) . | . . Largest Inventory Capacity 8 | 5 8 Average Capacity 5 | 5 5 Most Carried 7 | 4 7 Average Carried 4 | 3 5 Final Capacity 5 | 5 5 Final Carried 5 | 4 5 Class Distribution -------------------- 61% | Mutant 38% | Scavenger-Mutant Dominant Class ---------------- Scavenger-Mutant | -10/Materials Resources | -11 -10 ----------- Run | Yrd Mat Matter Collected 275 | 238 37 Remotely . | . . Salvage Created 217 | 36 181 Parts 21 | 4 17 Haulers Intercepted . | . . Recyclers Shooed . | . . Parts Field Recycled . | . . Retrieved Matter . | . . Parts Self-Destructed . | . . Prevented . | . . Kills | -11 -10 ------- Run | Yrd Mat Combat Hostiles Destroyed 7 | 1 6 Guns 4 | 1 3 AOE 3 | . 3 Classes Destroyed 4 | 1 3 Recycler 1 | . 1 Watcher 1 | . 1 Swarmer 3 | . 3 Grunt 4 | 1 3 Best Kill Streak 7 | 1 7 Combat Bots Only 5 | 1 5 Max Kills in Single Turn 2 | 1 2 Gunslinging . | . . Exploded 1 | . 1 Melee . | . . Uniques/NPCs Destroyed . | . . Combat | -11 -10 -------- Run | Yrd Mat Hostile Shots Fired 93 | 6 87 Missed 30 | 1 29 Damage Taken 684 | 54 630 Core 257 | 11 246 Absorbed by Shields . | . . Core Remaining (%) 95 | 95 . Volleys Fired 42 | 5 37 Largest 2 | 2 2 Hottest 80 | 60 80 Shots Fired 74 | 10 64 Gun 69 | 10 59 Cannon . | . . Launcher 5 | . 5 Special . | . . Kinetic 26 | 5 21 Thermal 40 | 5 35 Explosive 5 | . 5 Electromagnetic 3 | . 3 Robot Hit Streak 9 | 2 9 Robot Miss Streak 2 | 1 2 Penetration Max . | . . Secondary Targets . | . . Shots Hit Robots 56 | 6 50 Core Hits 15 | 2 13 Critical Kills . | . . Critical Parts Destroyed . | . . Critical Strikes . | . . Melee Attacks 13 | . 13 Impact . | . . Slashing . | . . Piercing . | . . Sneak Attacks 10 | . 10 Combat Hostiles . | . . Follow-up Attacks . | . . Damage Inflicted 893 | 73 820 Guns 515 | 73 442 Cannons . | . . Explosions 378 | . 378 Melee . | . . Ramming . | . . Kinetic 208 | 39 169 Thermal 292 | 34 258 Explosive 378 | . 378 Electromagnetic 15 | . 15 Impact . | . . Slashing . | . . Piercing . | . . Highest Corruption . | . . Average Corruption . | . . Corruption Purged . | . . Corruption Blocked . | . . Overload Shots . | . . Overflow Damage 1 | . 1 Projectiles . | . . Explosions 1 | . 1 Melee . | . . Knockbacks . | . . Impact . | . . Kinetic . | . . Secondary . | . . Self-Inflicted Damage 12 | . 12 Shots 1 | . 1 Rammed . | . . Targets Rammed . | . . Kicked . | . . Crushed . | . . Highest Temperature 115 | 30 115 Average Temperature 24 | 20 26 Received Heat Transfer 270 | 30 240 Siege Activations . | . . Robots Corrupted . | . . Combat Hostiles . | . . Parts Fried . | . . Impact Corruptions . | . . Robots Melted . | . . Combat Hostiles . | . . Parts Melted 1 | . 1 Heat Transferred 650 | 75 575 Parts Sabotaged . | . . Parts Stolen . | . . Parts Stripped . | . . Power Chain Reactions . | . . Alert | -11 -10 ------- Run | Yrd Mat Peak Influence 217 | 20 217 Initial 13 | . 13 Average 84 | 15 151 Maximum Alert Level 1 | . 1 Low Security (%) 81 | 100 63 Level 1 18 | . 36 Level 2 . | . . Level 3 . | . . Level 4 . | . . Level 5 . | . . High Security . | . . Max Security . | . . Squads Dispatched 2 | . 2 Investigation . | . . Extermination . | . . Reinforcement 2 | . 2 Assault . | . . Garrison . | . . Intercept . | . . Searches Triggered . | . . Construction Impeded . | . . Haulers Reinforced . | . . Active Scanning Responses . | . . Cargo Convoy Interrupts . | . . Stealth | -11 -10 --------- Run | Yrd Mat Distress Signals 1 | . 1 Communications Jammed . | . . Distress Signals . | . . Times Spotted 17 | 1 16 Peak Tracking Total 5 | 1 5 Tactical Retreats 2 | . 2 Traps | -11 -10 ------- Run | Yrd Mat Traps Triggered . | . . Indirectly . | . . Trap Hack Attempts . | . . Triggered . | . . Disarmed . | . . Reprogrammed . | . . Reused . | . . Traps Extracted . | . . Installed . | . . Triggered . | . . Machines | -11 -10 ---------- Run | Yrd Mat Machines Disabled . | . . Max in Single Turn . | . . Machines Repaired . | . . Machines Dismantled . | . . Machines Sabotaged . | . . Overloaded Fab Kills . | . . Hacking | -11 -10 --------- Run | Yrd Mat Machines Accessed 1 | . 1 Terminals 1 | . 1 Fabricators . | . . Repair Stations . | . . Recycling Units . | . . Scanalyzers . | . . Garrison Access . | . . Total Hacks 1 | . 1 Successful . | . . Failed 1 | . 1 Catastrophic . | . . Database Lockouts . | . . Manual 1 | . 1 Terminals 1 | . 1 Fabricators . | . . Repair Stations . | . . Recycling Units . | . . Scanalyzers . | . . Garrison Access . | . . Terminal Hacks . | . . Fabricator Hacks . | . . Repair Station Hacks . | . . Recycling Unit Hacks . | . . Scanalyzer . | . . Garrison Access Hacks . | . . Unauthorized Hacks . | . . Terminals . | . . Fabricators . | . . Repair Stations . | . . Recycling Units . | . . Scanalyzers . | . . Garrison Access . | . . Data Cores Recovered . | . . Used . | . . Hacking Detections 1 | . 1 Full Trace Events . | . . Feedback Events . | . . Feedback Blocked . | . . Robot Schematics Acquired . | . . Robots Built . | . . Authchips . | . . Time . | . . Total Robot Build Rating . | . . Part Schematics Acquired . | . . Parts Built . | . . Authchips . | . . Time . | . . Total Part Build Rating . | . . Parts Repaired . | . . Time . | . . Parts Recycled . | . . Recycled Matter . | . . Retrieved Matter . | . . Retrieved Components . | . . Parts Scanalyzed . | . . Part Schematics Acquired . | . . Parts Damaged . | . . Bothacking | -11 -10 ------------ Run | Yrd Mat Used RIF Installer . | . . Robots Hacked 6 | . 6 Non-combat 6 | . 6 Combat . | . . Robot Hacks Applied 9 | . 9 parse_system 3 | . 3 no_distress 4 | . 4 find_recycling 1 | . 1 check_alert 1 | . 1 Relay Couplers Released . | . . Fabnet Peak Effective % . | . . Robots Rewired . | . . Allies Hacked . | . . Hacks Repelled . | . . Allies | -11 -10 -------- Run | Yrd Mat Total Allies . | . . Largest Group . | . . Highest-Rated Group . | . . Highest-Rated Ally . | . . Total Orders . | . . Ally Attacks . | . . Total Damage . | . . Kills . | . . Allies Corrupted . | . . Allies Melted . | . . Intel | -11 -10 ------- Run | Yrd Mat Robot Analysis Total . | . . Derelict Logs Recovered . | . . Drone Launches . | . . Drone Recoveries . | . . Exploration | -11 -10 ------------- Run | Yrd Mat Turns Passed 682 | 338 344 Spaces Moved 337 | 109 228 Core 24 | 24 . Treads . | . . Legs . | . . Wheels 313 | 85 228 Hover . | . . Flight . | . . Fastest Speed 50 | 50 80 Average Speed 82 | 73 87 Slowest Speed 100 | 80 100 Overloaded Moves . | . . Propulsion Burnouts . | . . Robots Hopped . | . . Cave-ins Triggered . | . . Exploration Rate (%) 19 | 11 27 Regions Visited 1 Branch Regions . Pre-discovered Areas . | . . Known Exits Taken . | . . Unknown Exits Taken 1 | 1 . Scrap Searched . | . . Spaces Dug 10 | . 10 Terrain Destroyed 27 | . 27 Melee . | . . Projectile . | . . AOE 27 | . 27 Terrain Rammed . | . . Walls Destroyed . | . . Machines Disabled . | . . Actions | -11 -10 --------- Run | Yrd Mat Total 654 | 356 298 Wait 229 | 229 . Move 336 | 108 228 Hop . | . . Pick Up 14 | 9 5 Fast Attach 3 | . 3 Attach 8 | 5 3 Detach . | . . Swap 7 | . 7 Drop 2 | . 2 Fire 42 | 5 37 Melee 13 | . 13 Ram . | . . Kick . | . . Crush . | . . Escape Stasis . | . . Rewire . | . . Trap . | . . Miscellaneous . | . . Route ------- -11/Scrapyard -10/Materials History --------- Turn | Location | Event 2 | -11/Scrapyard | Met Revision 17 56 | -11/Scrapyard | Discovered new exit (range 8) 339 | -11/Scrapyard | Entered Materials 340 | -10/Materials | Build established: Mutant 423 | -10/Materials | Core integrity fell below 50% 654 | -10/Materials | Core integrity fell below 20% 683 | -10/Materials | Destroyed by G-34 Mercenary with Small Laser Last Messages --------------- Sneak attack on R-06 Scavenger. Jacked R-06 Scavenger... >>find_recycling Pinpointed nearest Recycling Unit: (10,18) (added to intel). Sneak attack on R-06 Scavenger. Jacked R-06 Scavenger... >>no_distress Distress signal routine blocked. Sneak attack on A-02 Transporter. Jacked A-02 Transporter... >>no_distress Distress signal routine blocked. Acquired 21 matter. Jacked W-16 Scout... >>parse_system Reading system data... G-47 Trooper IFF system glitched. EM Pulse Gun destroyed. Wheel destroyed. Map ----- +----------------------------------------------------+ | ?????????????????????????????????????????????????? | | ?????????????????????????????????????????????????? | | ?????????????????????????????????????????????????? | | ?????????????????????????????????????????????????? | | ??? ????????????????????????????????????????????? | | ??# #???????????????????????????????????????????? | | ??# #???????????????????????????????????????????? | | ### #???????????????????????????????????????????? | | # #???????????????????????????????????????????? | | # #???????????????????????????????????????????? | | # #???????????????????????????????????????????? | | # #???????????????????????????????????????????? | | # #???????????????????????????????????????????? | | # #???????????????????????????????????????????? | | # #???????????????????????????????????????????? | | # #???????????????????????????????????????????? | | ### #####?????"""???????????????????????????????? | | ### """????#######????????????????????? | | % + ""????? ????????????????????? | | ##??????????? ????????????????????? | | ###### #?????????????"" ""?????????????????????? | | #??##% ##????????????"" ""?????????????????????? | | #??## ####???????????" "??????????????????????? | | #??## # ###????????? ??????????????????????? | | #??## ################/##############?????????? | | #??## a @ ????????? | | #??## % g ????????? | | #??## g ????????? | | #???# ##################### #?????????? | | #???# #?????????????????????????????????? | | ##?### [ #?????????????????????????????????? | | ???# # ] #?????????????????????????????????? | | ???# #% ?###???????????????????????????????? | | ???# # ! ?????????????????????????? | | ?######+########### +????????????????????????? | | ?# #??????? ?????????????????????????? | | # """ #??????????????????????????????????? | | # ]] """ #??????????????????????????????????? | | # ]] """ #??????????????????????????????????? | | # ]] #??????????????????????????????????? | | ####/###########?????????????????????????????????? | | ??????????????????????????? | | ######## #?????????????????????????????????? | | ##+########?????????????????????????????????????? | | # #?????????????????????????????????????? | | # """ #?????????????????????????????????????? | | + "T" ! #?????????????????????????????????????? | | # #?????????????????????????????????????? | | ############?????????????????????????????????????? | | [ #??????????????????????????????????????? | +----------------------------------------------------+ Best States ------------- Heat Dissipation 25 Energy Generation 10 Energy Capacity 500 Matter Stores 273 Matter Capacity 300 Sight Range 16 Robot Scan Range 14 Terrain Scan Density 10 Evasion (%) 50 Item Schematics ----------------- None Robot Schematics ------------------ None Fabricated ------------ Nothing Alien Tech Used ----------------- None Achievements -------------- None Challenges ------------ None Game ------ Seed LightPointCannon Manual? 0 Play Time 00:12:43 Cumulative 1.6 hours Start 2024.11.01 @ 01:54:23 End 2024.11.01 @ 02:07:58 Sessions 1 Manual Loads 0 Difficulty Rogue Special Mode None Game No. 3 Rogue 3 Adventurer 0 Explorer 0 Win Type - Total 0 Types 0/0/0/0/0/0/0/0/0 Lore% 0 Gallery% 3 Achievement% 4 Wizard Run 0 Options --------- Layout 1 ASCII 0 Keyboard 0 Movement Arrows Keybinds 0 Fullscreen 2 Font 24/Smallcaps Map View 50x35 Zoom Use 0% Tactical HUD 0 Map Filters NONE Filters NONE Steam 1 RUN: ac26a73b-82bd-4023-86d3-8c0173ef1821